Cogmind - Beta 13 @@@ ROGUE MODE // 2024.03.31 @ 11:40:41 Player: ANickel Result: Self-destructed Performance ------------- Evolutions (1) 500 Regions Visited (4) 800 Robots Destroyed (42) 210 Value Destroyed (756) 756 Prototype IDs (2) 40 Alien Tech Used (0) 0 Bonus (385) 385 TOTAL SCORE: 2691 Bonus ------- Follower Combat Kills 85 Aligned with FarCom 300 Cogmind --------- Core Integrity 65/400 Matter 268/300 Energy 237/250 System Corruption 4% Temperature Cool (0) Movement Rolling (80) Location -9/Exiles Parts ------- > --- POWER (1) -------- Ion Engine > --- PROPULSION (3) --- Wheel Wheel Wheel > --- UTILITY (3) ------ (None) > --- WEAPON (2) ------- Improved Light Cannon Improved Light Cannon > --- INVENTORY (5) ---- Rocket Launcher Datajack Mining Laser Heavy Hammer Peak State ------------ > --- POWER ------------ Ion Engine > --- PROPULSION ------- Wheel Wheel Wheel > --- UTILITY ---------- Lightpack 2.0 > --- WEAPON ----------- Improved Light Cannon Improved Light Cannon > --- INVENTORY -------- Rocket Launcher Datajack Mining Laser Heavy Hammer [Rating: 38] Favorites ----------- Power Ion Engine Engine Ion Engine Power Core Light Nuclear Core Propulsion Wheel Leg Improved Aluminum Leg Wheel Wheel Hover Unit Hover Unit Utility Visual Processing Unit Device Improved Heat Sink Storage Lightpack 2.0 Processor Visual Processing Unit Weapon Improved Light Cannon Energy Gun Medium Laser Ballistic Gun Assault Rifle Ballistic Cannon Improved Light Cannon Impact Weapon Heavy Hammer Build | -11 -10 -9 -9 -9 ------- Run | Yrd Mat Mat Min Exi Slots Evolved 2 | . . 2 . . Power . | . . . . . Propulsion 1 | . . 1 . . Utility 1 | . . 1 . . Weapon . | . . . . . Parts Attached 54 | 7 16 24 5 2 Power 7 | 1 3 2 1 . Engine 6 | 1 2 2 1 . Core 1 | . 1 . . . Reactor . | . . . . . Propulsion 14 | 3 4 7 . . Treads . | . . . . . Leg 1 | . . 1 . . Wheel 12 | 3 4 5 . . Hover 1 | . . 1 . . Flight . | . . . . . Utility 13 | 1 4 5 1 2 Device 6 | 1 2 2 1 . Storage 1 | . . . . 1 Processor 6 | . 2 3 . 1 Hackware . | . . . . . Protection . | . . . . . Artifact . | . . . . . Weapon 20 | 2 5 10 3 . Energy Gun 7 | 2 1 4 . . Energy Cannon . | . . . . . Ballistic Gun 5 | . 3 2 . . Ballistic Cannon 4 | . 1 . 3 . Launcher . | . . . . . Special Weapon . | . . . . . Impact Weapon 4 | . . 4 . . Slashing Weapon . | . . . . . Piercing Weapon . | . . . . . Special Melee Weapon . | . . . . . Unidentified Prototypes 2 | . . . . 2 Corrupted Parts 1 | . . 1 . . System Corruption 4 | . . 4 . . Parts Lost 10 | . 3 7 . . Power 2 | . . 2 . . Propulsion 4 | . 1 3 . . Utility 2 | . 1 1 . . Weapon 2 | . 1 1 . . Highest Loss Streak 4 | . 2 4 . . To Critical Strikes . | . . . . . Average Slot Usage (%) 90 | . 98 82 93 97 Engine 9 | . 6 10 11 11 Core 2 | . 7 . . . Wheel 26 | . 27 21 33 33 Device 12 | . 24 7 4 9 Processor 15 | . 2 19 22 20 Energy Gun 5 | . 12 4 . . Ballistic Gun 7 | . 13 7 . . Ballistic Cannon 8 | . 2 5 22 22 Impact Weapon 2 | . . 4 . . Naked Turns . | . . . . . Heaviest Build 14 | 7 12 12 14 14 Greatest Support 30 | 26 20 30 30 30 Greatest Overweight (x) 1 | . 1 1 . . Average Overweight (x) . | . . . . . Largest Inventory Capacity 40 | 5 5 5 5 40 Average Capacity 5 | 5 5 5 5 5 Most Carried 5 | 5 5 5 5 5 Average Carried 4 | 2 4 4 4 4 Final Capacity 5 | 5 5 5 5 5 Final Carried 5 | 5 5 5 5 4 Class Distribution -------------------- 68% | Scavenger-Mutant 19% | Scavenger-Skirmisher 12% | Mutant Dominant Class ---------------- Scavenger-Mutant | -10/Materials Scavenger-Mutant | -9/Materials Scavenger-Mutant | -9/Mines Scavenger-Mutant | -9/Exiles Resources | -11 -10 -9 -9 -9 ----------- Run | Yrd Mat Mat Min Exi Matter Collected 1155 | 260 319 489 87 . Remotely . | . . . . . Salvage Created 1332 | 129 591 612 . . Parts 79 | 10 40 29 . . Haulers Intercepted 2 | . 1 1 . . Recyclers Shooed 1 | . . 1 . . Parts Field Recycled . | . . . . . Retrieved Matter . | . . . . . Parts Self-Destructed . | . . . . . Prevented . | . . . . . Kills | -11 -10 -9 -9 -9 ------- Run | Yrd Mat Mat Min Exi Combat Hostiles Destroyed 16 | . 9 7 . . Guns 12 | . 9 3 . . Cannons 2 | . . 2 . . Classes Destroyed 12 | 3 7 2 . . Worker 5 | 1 1 3 . . Builder 3 | . 1 2 . . Tunneler 5 | 2 1 2 . . Hauler 2 | . 1 1 . . Recycler 3 | 1 1 1 . . Mechanic 1 | . 1 . . . Operator 2 | . 2 . . . Watcher 5 | . 2 3 . . Swarmer 3 | . 3 . . . Grunt 9 | . 6 3 . . Duelist 1 | . . 1 . . Sentry 3 | . . 3 . . Best Kill Streak 5 | 3 5 5 . . Combat Bots Only 3 | . 3 3 . . Max Kills in Single Turn 2 | 1 2 1 . . Gunslinging 1 | . 1 . . . Exploded . | . . . . . Melee . | . . . . . Uniques/NPCs Destroyed . | . . . . . Combat | -11 -10 -9 -9 -9 -------- Run | Yrd Mat Mat Min Exi Hostile Shots Fired 139 | . 64 68 7 . Missed 30 | . 15 12 3 . Damage Taken 1498 | . 555 882 61 . Core 486 | . 151 320 15 . Absorbed by Shields . | . . . . . Core Remaining (%) 69 | 100 39 . . . Volleys Fired 127 | 14 59 49 5 . Largest 2 | 2 2 2 2 . Hottest 100 | 90 100 76 78 . Shots Fired 246 | 28 119 90 9 . Gun 201 | 28 114 59 . . Cannon 45 | . 5 31 9 . Launcher . | . . . . . Special . | . . . . . Kinetic 141 | . 60 72 9 . Thermal 98 | 28 59 11 . . Explosive . | . . . . . Electromagnetic 7 | . . 7 . . Robot Hit Streak 25 | 4 25 7 6 . Robot Miss Streak 4 | 2 4 4 1 . Penetration Max . | . . . . . Secondary Targets 2 | . 2 . . . Max Gunslinging Chain 1 | . 1 . . . Shots Hit Robots 180 | 17 85 70 8 . Core Hits 56 | 5 34 15 2 . Critical Kills 1 | . 1 . . . Critical Parts Destroyed 3 | . . 3 . . Critical Strikes 9 | . 2 6 1 . Burn 2 | . 1 1 . . Destroy 1 | . 1 . . . Blast 2 | . . 1 1 . Corrupt 1 | . . 1 . . Smash 3 | . . 3 . . Melee Attacks 21 | . . 21 . . Impact 21 | . . 21 . . Slashing . | . . . . . Piercing . | . . . . . Sneak Attacks 5 | . . 5 . . Combat Hostiles . | . . . . . Follow-up Attacks . | . . . . . Damage Inflicted 3140 | 198 1073 1698 171 . Guns 1708 | 198 1008 502 . . Cannons 567 | . 65 335 167 . Explosions . | . . . . . Melee 861 | . . 861 . . Ramming 4 | . . . 4 . Kinetic 1343 | . 499 677 167 . Thermal 872 | 198 574 100 . . Explosive . | . . . . . Electromagnetic 60 | . . 60 . . Impact 861 | . . 861 . . Slashing . | . . . . . Piercing . | . . . . . Highest Corruption 4 | . 1 4 4 4 Average Corruption 3 | . 1 4 4 4 Corruption Purged . | . . . . . Corruption Blocked . | . . . . . Effects 17 | . 1 4 9 3 Message Errors 2 | . . 1 1 . Matter Fused 5 | . . 2 2 1 Heat Flow Errors 1 | . . . . 1 Energy Discharges 3 | . . . 3 . Data Loss (minor) 2 | . . . 2 . Data Loss (major) 1 | . . . . 1 Misfires 1 | . 1 . . . Alerts 1 | . . 1 . . Weapon Failures 1 | . . . 1 . Overload Shots . | . . . . . Overflow Damage 350 | . . 350 . . Projectiles . | . . . . . Explosions . | . . . . . Melee 350 | . . 350 . . Knockbacks 11 | . 1 8 2 . Impact 4 | . . 4 . . Kinetic 5 | . 1 2 2 . Secondary 2 | . . 2 . . Self-Inflicted Damage 2 | . . . 2 . Shots . | . . . . . Rammed 1 | . . . 1 . Targets Rammed 1 | . . . 1 . Kicked . | . . . . . Crushed . | . . . . . Highest Temperature 345 | 210 345 53 54 111 Average Temperature 68 | 79 112 14 22 74 Received Heat Transfer 612 | . 294 282 36 . Effects 1 | . 1 . . . Energy Bleed 1 | . 1 . . . Siege Activations . | . . . . . Robots Corrupted 1 | . . 1 . . Combat Hostiles 1 | . . 1 . . Parts Fried 6 | . . 6 . . Impact Corruptions 11 | . . 11 . . Robots Melted . | . . . . . Combat Hostiles . | . . . . . Parts Melted 3 | . 3 . . . Heat Transferred 2607 | 533 1741 333 . . Parts Sabotaged . | . . . . . Parts Stolen . | . . . . . Parts Stripped . | . . . . . Power Chain Reactions . | . . . . . Alert | -11 -10 -9 -9 -9 ------- Run | Yrd Mat Mat Min Exi Peak Influence 271 | 20 271 168 74 . Initial 51 | . 13 51 . . Average 86 | 8 149 82 32 . Maximum Alert Level 1 | . 1 . . . Low Security (%) 91 | 100 70 100 100 . Level 1 8 | . 29 . . . Level 2 . | . . . . . Level 3 . | . . . . . Level 4 . | . . . . . Level 5 . | . . . . . High Security . | . . . . . Max Security . | . . . . . Squads Dispatched 4 | . 3 1 . . Investigation 2 | . 1 1 . . Extermination . | . . . . . Reinforcement 2 | . 2 . . . Assault . | . . . . . Garrison . | . . . . . Intercept . | . . . . . Searches Triggered . | . . . . . Construction Impeded . | . . . . . Haulers Reinforced . | . . . . . Active Scanning Responses . | . . . . . Cargo Convoy Interrupts . | . . . . . Stealth | -11 -10 -9 -9 -9 --------- Run | Yrd Mat Mat Min Exi Distress Signals 2 | . . 2 . . Communications Jammed . | . . . . . Distress Signals . | . . . . . Times Spotted 35 | . 20 12 3 . Peak Tracking Total 4 | . 4 4 3 . Tactical Retreats 2 | . 1 1 . . Traps | -11 -10 -9 -9 -9 ------- Run | Yrd Mat Mat Min Exi Traps Triggered . | . . . . . Indirectly . | . . . . . Trap Hack Attempts . | . . . . . Triggered . | . . . . . Disarmed . | . . . . . Reprogrammed . | . . . . . Reused . | . . . . . Traps Extracted . | . . . . . Installed . | . . . . . Triggered . | . . . . . Machines | -11 -10 -9 -9 -9 ---------- Run | Yrd Mat Mat Min Exi Machines Disabled 1 | . . 1 . . Max in Single Turn 1 | . . 1 . . Machines Repaired . | . . . . . Machines Dismantled . | . . . . . Machines Sabotaged . | . . . . . Overloaded Fab Kills . | . . . . . Hacking | -11 -10 -9 -9 -9 --------- Run | Yrd Mat Mat Min Exi Machines Accessed 8 | . 3 2 . 3 Terminals 5 | . 3 2 . . Fabricators . | . . . . . Repair Stations . | . . . . . Recycling Units . | . . . . . Scanalyzers . | . . . . . Garrison Access . | . . . . . Total Hacks 46 | . 13 7 . 26 Successful 32 | . 5 1 . 26 Failed 14 | . 8 6 . . Catastrophic 2 | . 1 1 . . Database Lockouts . | . . . . . Manual 18 | . 10 7 . 1 Terminals 20 | . 13 7 . . Fabricators . | . . . . . Repair Stations . | . . . . . Recycling Units . | . . . . . Scanalyzers . | . . . . . Garrison Access . | . . . . . Terminal Hacks 31 | . 5 . . 26 Record 26 | . . . . 26 Robot Analysis 3 | . 3 . . . Alert Level 1 | . 1 . . . Investigation Status 1 | . 1 . . . Fabricator Hacks . | . . . . . Repair Station Hacks . | . . . . . Recycling Unit Hacks . | . . . . . Scanalyzer . | . . . . . Garrison Access Hacks . | . . . . . Unauthorized Hacks 1 | . . 1 . . Terminals 1 | . . 1 . . Botnet 1 | . . 1 . . Fabricators . | . . . . . Repair Stations . | . . . . . Recycling Units . | . . . . . Scanalyzers . | . . . . . Garrison Access . | . . . . . Data Cores Recovered . | . . . . . Used . | . . . . . Hacking Detections 5 | . 3 2 . . Full Trace Events 4 | . 3 1 . . Feedback Events 1 | . 1 . . . Corruption 1 | . 1 . . . Feedback Blocked . | . . . . . Robot Schematics Acquired . | . . . . . Robots Built . | . . . . . Authchips . | . . . . . Time . | . . . . . Total Robot Build Rating . | . . . . . Part Schematics Acquired . | . . . . . Parts Built . | . . . . . Authchips . | . . . . . Time . | . . . . . Total Part Build Rating . | . . . . . Parts Repaired . | . . . . . Time . | . . . . . Parts Recycled . | . . . . . Recycled Matter . | . . . . . Retrieved Matter . | . . . . . Retrieved Components . | . . . . . Parts Scanalyzed . | . . . . . Part Schematics Acquired . | . . . . . Parts Damaged . | . . . . . Bothacking | -11 -10 -9 -9 -9 ------------ Run | Yrd Mat Mat Min Exi Used RIF Installer . | . . . . . Robots Hacked . | . . . . . Non-combat . | . . . . . Combat . | . . . . . Robot Hacks Applied . | . . . . . Relay Couplers Released . | . . . . . Fabnet Peak Effective % . | . . . . . Robots Rewired . | . . . . . Allies Hacked . | . . . . . Hacks Repelled . | . . . . . Allies | -11 -10 -9 -9 -9 -------- Run | Yrd Mat Mat Min Exi Total Allies 1 | . . . 1 . Largest Group 1 | . . . 1 . Highest-Rated Group 31 | . . . 31 . Highest-Rated Ally 31 | . . . 31 . Total Orders . | . . . . . Ally Attacks 11 | . . . 11 . Total Damage 103 | . . . 103 . Kills 3 | . . . 3 . Allies Corrupted . | . . . . . Allies Melted . | . . . . . Intel | -11 -10 -9 -9 -9 ------- Run | Yrd Mat Mat Min Exi Robot Analysis Total 3 | . 3 . . . Derelict Logs Recovered 1 | . . . 1 . Drone Launches . | . . . . . Drone Recoveries . | . . . . . Exploration | -11 -10 -9 -9 -9 ------------- Run | Yrd Mat Mat Min Exi Turns Passed 1939 | 121 508 820 339 151 Spaces Moved 1355 | 69 349 455 309 173 Core 9 | 9 . . . . Treads . | . . . . . Legs 6 | . . 6 . . Wheels 1340 | 60 349 449 309 173 Hover . | . . . . . Flight . | . . . . . Fastest Speed 50 | 50 80 80 80 80 Average Speed 81 | 84 80 82 80 80 Slowest Speed 120 | 90 95 120 80 80 Overloaded Moves . | . . . . . Propulsion Burnouts . | . . . . . Robots Hopped . | . . . . . Cave-ins Triggered . | . . . . . Exploration Rate (%) 46 | 4 68 33 81 45 Regions Visited 4 Branch Regions 2 Pre-discovered Areas 1 | . . . 1 . Known Exits Taken 2 | . . 1 1 . Unknown Exits Taken 2 | 1 1 . . . Scrap Searched . | . . . . . Spaces Dug . | . . . . . Terrain Destroyed . | . . . . . Melee . | . . . . . Projectile . | . . . . . AOE . | . . . . . Terrain Rammed . | . . . . . Walls Destroyed . | . . . . . Machines Disabled . | . . . . . Actions | -11 -10 -9 -9 -9 --------- Run | Yrd Mat Mat Min Exi Total 1908 | 102 457 770 390 189 Wait 283 | 2 18 197 66 . Move 1351 | 68 348 454 308 173 Hop . | . . . . . Pick Up 36 | 11 7 13 2 3 Fast Attach 15 | . 5 7 1 2 Attach 16 | 6 3 7 . . Detach . | . . . . . Swap 23 | 1 8 10 4 . Drop 33 | . 9 12 3 9 Fire 127 | 14 59 49 5 . Melee 21 | . . 21 . . Ram 1 | . . . 1 . Kick . | . . . . . Crush . | . . . . . Escape Stasis . | . . . . . Rewire 2 | . . . . 2 Trap . | . . . . . Miscellaneous . | . . . . . Route ------- -11/Scrapyard -10/Materials -9/Materials -9/Mines (discovered 4 exits: *Mat x2 / *Exi / *Zio) -9/Exiles (discovered 1 exit: [*Min]) History --------- Turn | Location | Event 4 | -11/Scrapyard | Discovered new exit (range 16) 122 | -11/Scrapyard | Entered Materials 382 | -10/Materials | Core integrity fell below 50% 619 | -10/Materials | Discovered new exit (range 12) 630 | -10/Materials | Entered another Materials area 630 | -9/Materials | Evolved 2 slots: Propulsion x1, Utility x1 664 | -9/Materials | Build established: Scavenger-Mutant 1110 | -9/Materials | Build established: Scavenger-Skirmisher 1207 | -9/Materials | Core integrity fell below 50% 1239 | -9/Materials | Lost 4 parts (2p1n1u) 1383 | -9/Materials | Discovered new exit (range 11) 1449 | -9/Materials | Identified exit to Mines 1450 | -9/Materials | Entered Mines 1457 | -9/Mines | Received a Rocket Launcher from a helpful Derelict 1466 | -9/Mines | Discovered new exit (range 3) 1469 | -9/Mines | Received a Mining Laser from a helpful Derelict 1477 | -9/Mines | Identified exit to Materials 1481 | -9/Mines | Build established: Scavenger-Mutant 1567 | -9/Mines | A Derelict revealed a hidden shortcut to a safe place 1570 | -9/Mines | Identified exit to Zion 1590 | -9/Mines | Discovered exit to Materials (range 15) 1626 | -9/Mines | Core integrity fell below 20% 1754 | -9/Mines | Learned location of Zion (-7) 1785 | -9/Mines | Deemed a non-threat by the Exiles lab entrance 1786 | -9/Mines | Discovered new exit (range 5) 1789 | -9/Mines | Identified exit to Exiles 1789 | -9/Mines | Entered Exiles 1803 | -9/Exiles | Discovered new exit (range 16) 1822 | -9/Exiles | Met 8R-AWN 1835 | -9/Exiles | Met EX-HEX 1877 | -9/Exiles | Met EX-BIN 1889 | -9/Exiles | Aligned with FarCom system 1890 | -9/Exiles | Given EX-Vault access code 1928 | -9/Exiles | Opened EX-Vault 1933 | -9/Exiles | Found Prototype Storage 1933 | -9/Exiles | Identified Lightpack 2.0 1938 | -9/Exiles | Found Prototype Processor 1938 | -9/Exiles | Identified 0b10 Alert Chip 1940 | -9/Exiles | Self-destructed Last Messages --------------- >>Record "HEX-102/Cloak of Protection" DEC: Armor with built-in cloaking technology. Or a big fat cloaking device that doubles as protection for when simply being cloaked isn't good enough. Same thing. Impressive, wish I'd thought of it. >>Record "HEX-105/Trap Reconfigurator" HEX: 0b10 trap systems are pretty poorly defended. I found that sending out a series of tuned electromagnetic waves is enough to redefine their targets. There's probably more we could do in this area. ** DEC: Like simultaneously trigger all the traps across a floor? Sounds good to me. 01928_ Connecting with EX-Vault Access... 01929_ Dropped Imp. Heat Sink. 01930_ Discarded Visual Processing Unit. 01930_ Discarded Signal Interpreter. 01931_ System corrupted: Substantial component data lost. 01933_ Acquired Prototype Storage. 01933_ Identified Lightpack 2.0. 01935_ Dropped Lightpack 2.0. 01938_ Acquired Prototype Processor. 01938_ Identified 0b10 Alert Chip. 01939_ Discarded 0b10 Alert Chip. Map ----- +----------------------------------------------------+ | | | | | | | | | | | | | | | | | | | | | | | | | | | | | | | | | | | | | | | | | | | | | | | ??????????????????????#########??????????????????? | | ??????????????????????# ! #??????????????????? | | ??????????????????????# @ #??????????????????? | | ??????????????????????# #??????????????????? | | ??????????????????????# ! X#??????????????????? | | ??????????????????????## ##??????????????????? | | ??????????????????????#X #???????????????????? | | ??????????????????????## #???????????????????? | | ???????????????????????# #???????????????????? | | ???????????????????????# #########???????????? | | ???????????????????????# ##""""""#???????????? | | ???????????????????????# ## """#???????????? | | ???????????????????????# X""#???????????? | | ???????????????????????# ## """#???????????? | | ???????????????######### ##""""""#???????????? | | ???????????????#""""""## #########???????????? | | ???????????????#"""" ## #???????????????????? | | ???????????????#""X" #???????????????????? | | ???????????????#" #???????????????????? | | ???????????????#" ## #???????????????????? | | ???????????????#""""""## #?#########?????????? | | ???????????????##"###### #?#"""""""#?????????? | | ??????????????? "?????# #?#"""""""#?????????? | | ??????????????""" ?????# #?#"""""""#?????????? | | ?????????????#""" ????## ###"" """"#?????????? | | ??????????????""" ????#" """"#?????????? | | ????????????????##????#" """#?????????? | +----------------------------------------------------+ Best States ------------- Heat Dissipation 42 Energy Generation 14 Energy Capacity 250 Matter Stores 300 Matter Capacity 300 Sight Range 18 Robot Scan Range 14 Terrain Scan Range 16 Terrain Scan Density 10 Evasion (%) 55 Targeting Accuracy 5 Item Schematics ----------------- None Robot Schematics ------------------ None Fabricated ------------ Nothing Alien Tech Used ----------------- None Achievements -------------- None Challenges ------------ None Game ------ Seed EtherialWaveFalx Manual? 0 Play Time 00:25:33 Cumulative 10.5 hours Start 2024.03.31 @ 11:15:51 End 2024.03.31 @ 11:40:41 Sessions 1 Manual Loads 0 Difficulty Rogue Special Mode None Game No. 28 Rogue 28 Adventurer 0 Explorer 0 Win Type - Total 1 Types 1/0/0/0/0/0/0/0/0 Lore% 21 Gallery% 22 Achievement% 22 Wizard Run 0 Options --------- Layout 0 ASCII 0 Keyboard 0 Movement Mouse Keybinds 0 Fullscreen 2 Font 24/Smallcaps Map View 38x25 Zoom Use 9% Tactical HUD 1 Map Filters NONE Filters NONE Steam 1 RUN: 46d15db9-0014-41f0-9d17-7fac7cab0515